Map: Dusk Towers

Players

PongO

  • Race: Terran Terran
  • League: Diamond

LilDicky - Winner!

  • Race: Terran Terran
  • League: Diamond

VOD

http://www.twitch.tv/tumescentpie

Description

Time

  • Played on: Dec. 26, 2015, 10:24 p.m.
  • Length: 5:20
Show
View Real Time Build Order
Export as new Build Order

PongO Terran 

Build Orders: Reaper Expand 

Get SALT Encoding   

  12  0:01  SCV  
  13  0:13  SCV  
  14  0:18  Supply Depot  
  14  0:25  SCV  
  15  0:40  SCV, Barracks  
  16  0:44  Refinery  
  16  0:52  SCV  
  17  1:04  SCV  
  18  1:16  SCV  
  19  1:29  Orbital Command  
  19  1:30  Reaper  
  20  1:45  Command Center  
  20  1:55  Supply Depot  
  20  1:56  SCV  
  21  2:04  Barracks Reactor  
  21  2:08  SCV  
  21  2:10  Refinery  
  22  2:21  SCV  
  23  2:25  Factory  
  23  2:33  SCV  
  24  2:40  Marine  
  24  2:41  Marine  
  26  2:45  SCV  
  27  2:57  SCV, Orbital Command  
  28  2:58  Marine x2  
  30  3:09  SCV  
  30  3:10  Starport  
  30  3:12  Factory Tech Lab  
  31  3:19  Marine x2  
  33  3:21  SCV  
  33  3:25  SCV  
  35  3:31  Supply Depot  
  35  3:34  Cyclone  
  35  3:37  SCV  
  35  3:39  SCV  
  40  3:43  Marine x2  
  42  3:52  SCV x2  
  42  3:53  Supply Depot  
  44  4:03  Viking, Engineering Bay  
  44  4:06  SCV  
  44  4:08  SCV  
  48  4:12  Marine x2  
  50  4:18  SCV  
  50  4:19  Supply Depot  
  50  4:21  Widow Mine  
  53  4:29  SCV  
  53  4:30  SCV  
  55  4:34  Missile Turret  
  55  4:35  Missile Turret  
  56  4:40  Starport Reactor  
  55  4:52  Barracks Tech Lab  
  51  5:04  SCV x2  
  56  5:08  Supply Depot x2  
  56  5:11  Barracks  
Show
View Real Time Build Order
Export as new Build Order

LilDicky Terran - Winner!

Build Orders: 1/1/1, Liberator Opening 

Get SALT Encoding   

  12  0:01  SCV  
  13  0:13  SCV  
  14  0:22  Supply Depot  
  14  0:25  SCV  
  15  0:29  Refinery  
  15  0:44  SCV  
  15  0:45  Barracks  
  17  0:59  SCV  
  17  1:07  Refinery  
  17  1:11  SCV  
  18  1:23  SCV  
  19  1:33  Marine  
  19  1:35  Supply Depot  
  20  1:41  Factory  
  20  1:42  Orbital Command  
  20  1:53  Marine  
  21  2:08  SCV  
  22  2:11  Marine  
  23  2:20  SCV  
  24  2:26  Factory Tech Lab  
  24  2:27  Starport  
  24  2:32  Marine  
  24  2:33  SCV  
  26  2:37  Supply Depot  
  26  2:45  SCV  
  26  2:47  Siege Tank  
  30  2:53  Supply Depot, Marine  
  30  2:57  Liberator  
  31  2:59  SCV  
  32  3:19  Marine  
  36  3:20  Supply Depot  
  36  3:25  Engineering Bay  
  36  3:31  Siege Tank  
  39  3:37  Marine  
  39  3:39  SCV  
  41  3:54  Missile Turret, Marine  
  42  3:58  Supply Depot  
  42  4:02  Viking  
  44  4:10  Siege Tank  
  44  4:12  Marine  
  48  4:17  SCV  
  49  4:30  Marine  
  50  4:33  Viking  
  52  4:38  SCV  
  52  4:42  Siege Tank  
Tags
 
Add a new tag
Caveats
  • Supply blocks, unpowered buildings, or Contaminate may cause inaccurate times.
  • Supply counts are checked every 10 seconds.